MLB
CHICAGO WHITE SOX @ MINNESOTA TWINS
04/13/2018
 
TOP OF THE 1ST
Chicago White Sox batting - Pitching for Minnesota Twins : RHP Tyler Eppler
Pitching: RHP Tyler Eppler
Batting: LHB Andrew Toles 0-0: Swinging Strike
0-1: Bunted foul
0-2: Ball
1-2: Foul Ball, location: 2F
1-2: Ball
2-2: Foul Ball, location: 2F
2-2: Foul Ball, location: 2F
2-2: Fly out, F9 (Line Drive, 9D)
Batting: LHB Michael Brantley 0-0: Called Strike
0-1: Ball
1-1: Fly out, F8 (Line Drive, 8RD)
Batting: LHB Charlie Blackmon 0-0: Ball
1-0: Fly out, F8 (Flyball, 8RXD)
Top of the 1st over - 0 runs, 0 hits, 0 errors, 0 left on base; Chicago 0 - Minnesota 0
BOTTOM OF THE 1ST
Minnesota Twins batting - Pitching for Chicago White Sox : LHP Dillon Peters
Pitching: LHP Dillon Peters
Batting: RHB Ian Kinsler 0-0: Ball
1-0: SINGLE (Groundball, 6D)
Batting: RHB Whit Merrifield 0-0: Ball
1-0: Ball
2-0: SINGLE (Line Drive, 89S)
Ian Kinsler to second
Batting: LHB Freddie Freeman 0-0: Foul Ball, location: 2F
0-1: Grounds into double play, 4-6-3 (Groundball, 34)
Ian Kinsler to third
Batting: RHB Avisail Garcia 0-0: Fly out, F2 (Popup, 23F)
Bottom of the 1st over - 0 runs, 2 hits, 0 errors, 1 left on base; Chicago 0 - Minnesota 0
TOP OF THE 2ND
Chicago White Sox batting - Pitching for Minnesota Twins : RHP Tyler Eppler
Batting: RHB Justin Turner 0-0: Called Strike
0-1: Called Strike
0-2: Fly out, F7 (Flyball, 7S)
Batting: LHB Daniel Murphy 0-0: Called Strike
0-1: SINGLE (Groundball, 34D)
Batting: RHB J.D. Martinez Pickoff Throw to First - Out!
0-0: Ball
1-0: SINGLE (Line Drive, 34D)
Batting: LHB Corey Seager 0-0: Ball
1-0: DOUBLE (Flyball, 8LXD)
J.D. Martinez to third
Runner from 3rd tries for Home, SAFE, throw made home
Batting: LHB Brandon Belt 0-0: Called Strike
0-1: Ball
1-1: Called Strike
1-2: Foul Ball, location: 2F
1-2: Strikes out swinging
Top of the 2nd over - 1 run, 3 hits, 0 errors, 1 left on base; Chicago 1 - Minnesota 0
BOTTOM OF THE 2ND
Minnesota Twins batting - Pitching for Chicago White Sox : LHP Dillon Peters
Batting: RHB Maikel Franco 0-0: Called Strike
0-1: Ball
1-1: Foul Ball, location: 2F
1-2: SINGLE (Line Drive, 8LS)
Batting: SHB Kendrys Morales 0-0: Ball
1-0: Grounds into double play, 4-6-3 (Groundball, 4M)
Batting: RHB Adam Jones 0-0: SINGLE (Line Drive, 9S)
Batting: RHB Roberto Perez 0-0: Called Strike
0-1: Swinging Strike
0-2: Ball
1-2: Ball
2-2: SINGLE (Line Drive, 89S)
Adam Jones to second
Runner from 2nd tries for 3rd, SAFE, no throw
Batting: RHB Miguel Rojas 0-0: Called Strike
0-1: Fly out, F8 (Flyball, 8LS)
Bottom of the 2nd over - 0 runs, 3 hits, 0 errors, 2 left on base; Chicago 1 - Minnesota 0
TOP OF THE 3RD
Chicago White Sox batting - Pitching for Minnesota Twins : RHP Tyler Eppler
Batting: RHB Jonathan Lucroy 0-0: Ball
1-0: Called Strike
1-1: Swinging Strike
1-2: Foul Ball, location: 2F
1-2: Ball
2-2: Ball
3-2: Foul Ball, location: 2F
3-2: Base on Balls
Batting: LHB Andrew Toles 0-0: Swinging Strike
0-1: Ball
1-1: Foul Ball, location: 2F
1-2: Strikes out swinging
Batting: LHB Michael Brantley 0-0: Called Strike
0-1: Fly out, F3 (Popup, 3SF)
Batting: LHB Charlie Blackmon 0-0: Fly out, F9 (Flyball, 9S)
Top of the 3rd over - 0 runs, 0 hits, 0 errors, 1 left on base; Chicago 1 - Minnesota 0
BOTTOM OF THE 3RD
Minnesota Twins batting - Pitching for Chicago White Sox : LHP Dillon Peters
Batting: RHB Ian Kinsler 0-0: Ball
1-0: Ball
2-0: Called Strike
2-1: Ball
3-1: SINGLE (Groundball, 6MD)
Batting: RHB Whit Merrifield 0-0: Ball
1-0: Called Strike
1-1: Hit by Pitch
Ian Kinsler to second
Batting: LHB Freddie Freeman 0-0: Swinging Strike
0-1: Foul Ball, location: 2F
0-2: Ball
1-2: Ball
2-2: Foul Ball, location: 2F
2-2: Strikes out swinging
Batting: RHB Avisail Garcia 0-0: Swinging Strike
0-1: Fly out, F7 (Line Drive, 7)
Batting: RHB Maikel Franco 0-0: Ball
1-0: Ball
2-0: Swinging Strike
2-1: Foul Ball, location: 2F
2-2: Ball
3-2: Base on Balls
Ian Kinsler to third
Whit Merrifield to second
Batting: SHB Kendrys Morales 0-0: Called Strike
0-1: Called Strike
0-2: Strikes out looking
Bottom of the 3rd over - 0 runs, 1 hit, 0 errors, 3 left on base; Chicago 1 - Minnesota 0
TOP OF THE 4TH
Chicago White Sox batting - Pitching for Minnesota Twins : RHP Tyler Eppler
Batting: RHB Justin Turner 0-0: Foul Ball, location: 2F
0-1: Foul Ball, location: 2F
0-2: Foul Ball, location: 2F
0-2: Foul Ball, location: 2F
0-2: Ball
1-2: Ball
2-2: Foul Ball, location: 2F
2-2: Ball
3-2: Base on Balls
Batting: LHB Daniel Murphy 0-0: Called Strike
0-1: Ball
1-1: Ball
2-1: Ball
3-1: SINGLE (Groundball, 4D)
Justin Turner to second
Runner from 2nd tries for 3rd, SAFE, no throw
Batting: RHB J.D. Martinez 0-0: Foul Ball, location: 2F
0-1: SINGLE (Line Drive, 89S)
Justin Turner scores
Daniel Murphy to second
Runner from 2nd tries for 3rd, SAFE, throw made to third
Batting: LHB Corey Seager 0-0: Called Strike
0-1: Called Strike
0-2: Fielders Choice at 2nd, 5-4 (Groundball, 56S)
Daniel Murphy scores
Batting: LHB Brandon Belt 0-0: Called Strike
0-1: Ball
1-1: Foul Ball, location: 2F
1-2: Foul Ball, location: 2F
1-2: Fly out, F9 (Flyball, 89M)
Batting: RHB Jonathan Lucroy 0-0: Called Strike
0-1: Fly out, F8 (Line Drive, 8RD)
Top of the 4th over - 2 runs, 2 hits, 0 errors, 1 left on base; Chicago 3 - Minnesota 0
BOTTOM OF THE 4TH
Minnesota Twins batting - Pitching for Chicago White Sox : LHP Dillon Peters
Batting: RHB Adam Jones 0-0: Bunt for hit - play at first, batter OUT! 1-3
Batting: RHB Roberto Perez 0-0: Ball
1-0: Called Strike
1-1: Ball
2-1: Ground out 6-3 (Groundball, 56)
Batting: RHB Miguel Rojas 0-0: Ball
1-0: Ground out 6-3 (Groundball, 6)
Bottom of the 4th over - 0 runs, 0 hits, 0 errors, 0 left on base; Chicago 3 - Minnesota 0
TOP OF THE 5TH
Chicago White Sox batting - Pitching for Minnesota Twins : RHP Tyler Eppler
Batting: LHB Andrew Toles 0-0: Bunt for hit - play at first, batter safe!
Batting: LHB Michael Brantley 0-0: Swinging Strike
0-1: Fielders Choice at 2nd, 5-4 (Groundball, 56)
Pitching: RHP Juan Nicasio
Batting: LHB Charlie Blackmon 0-0: Called Strike
0-1: DOUBLE (Flyball, 89XD)
Michael Brantley to third
Batting: RHB Justin Turner 0-0: Ball
1-0: Ball
2-0: 3-RUN HOME RUN (Flyball, 8RXD), Distance : 415 ft
Batting: LHB Daniel Murphy 0-0: Ball
1-0: Ball
2-0: Called Strike
2-1: Swinging Strike
2-2: Fly out, F7 (Flyball, 78S)
Batting: RHB J.D. Martinez 0-0: Ball
1-0: Ball
2-0: Swinging Strike
2-1: Swinging Strike
2-2: Ball
3-2: Base on Balls
Batting: LHB Corey Seager 0-0: Ground out 1-3 (Groundball, 15)
Top of the 5th over - 3 runs, 3 hits, 0 errors, 1 left on base; Chicago 6 - Minnesota 0
BOTTOM OF THE 5TH
Minnesota Twins batting - Pitching for Chicago White Sox : LHP Dillon Peters
Batting: RHB Ian Kinsler 0-0: Ball
1-0: DOUBLE (Line Drive, 7LM)
Batting: RHB Whit Merrifield 0-0: Ball
1-0: 2-RUN HOME RUN (Flyball, 7LD), Distance : 356 ft
Batting: LHB Freddie Freeman 0-0: Ball
1-0: Foul Ball, location: 2F
1-1: Ball
2-1: SOLO HOME RUN (Flyball, 7LD), Distance : 359 ft
Batting: RHB Avisail Garcia 0-0: Ball
1-0: Called Strike
1-1: Ball
2-1: Ground out 5-3 (Groundball, 56)
Batting: RHB Maikel Franco 0-0: Called Strike
0-1: Ball
1-1: Ball
2-1: Swinging Strike
2-2: Ground out 6-3 (Groundball, 6S)
Batting: SHB Kendrys Morales 0-0: Ball
1-0: Ball
2-0: Ball
3-0: Called Strike
3-1: SINGLE (Line Drive, 56D)
Batting: RHB Adam Jones 0-0: Swinging Strike
0-1: Foul Ball, location: 2F
0-2: Foul Ball, location: 2F
0-2: Ground out 4-3 (Groundball, 4S)
Bottom of the 5th over - 3 runs, 4 hits, 0 errors, 1 left on base; Chicago 6 - Minnesota 3
TOP OF THE 6TH
Chicago White Sox batting - Pitching for Minnesota Twins : RHP Juan Nicasio
Pitching: LHP Bobby Poyner
Batting: LHB Brandon Belt 0-0: Called Strike
0-1: Called Strike
0-2: Foul Ball, location: 2F
0-2: Ball
1-2: Foul Ball, location: 2F
1-2: Foul Ball, location: 2F
1-2: Ball
2-2: Strikes out swinging
Batting: RHB Jonathan Lucroy 0-0: SINGLE (Line Drive, 8RS)
Batting: LHB Andrew Toles 0-0: Fly out, F8 (Flyball, 89M)
Batting: LHB Michael Brantley 0-0: Called Strike
0-1: Foul Ball, location: 2F
0-2: Foul Ball, location: 2F
0-2: Ball
1-2: Ball
2-2: Fly out, F6 (Line Drive, 6)
Top of the 6th over - 0 runs, 1 hit, 0 errors, 1 left on base; Chicago 6 - Minnesota 3
BOTTOM OF THE 6TH
Minnesota Twins batting - Pitching for Chicago White Sox : LHP Dillon Peters
Batting: RHB Roberto Perez 0-0: Foul Ball, location: 2F
0-1: Ball
1-1: Ball
2-1: Fly out, F9 (Line Drive, 9D)
Batting: RHB Miguel Rojas 0-0: Foul Ball, location: 2F
0-1: Reached on error, E5 (Groundball, 56S)
Batting: RHB Ian Kinsler 0-0: Swinging Strike
0-1: Foul Ball, location: 2F
0-2: Ball
1-2: Strikes out swinging
Batting: RHB Whit Merrifield 0-0: Ball
1-0: Swinging Strike
1-1: Fly out, F9 (Flyball, 89M)
Bottom of the 6th over - 0 runs, 0 hits, 1 error, 1 left on base; Chicago 6 - Minnesota 3
TOP OF THE 7TH
Chicago White Sox batting - Pitching for Minnesota Twins : LHP Bobby Poyner
Pitching: RHP David Robertson
Batting: LHB Charlie Blackmon 0-0: Called Strike
0-1: Foul Ball, location: 2F
0-2: Ball
1-2: TRIPLE (Line Drive, 8LXD)
Batting: RHB Justin Turner 0-0: Foul Ball, location: 2F
0-1: Ball
1-1: Swinging Strike
1-2: Ball
2-2: Fly out, F9 (Flyball, 89D)
Runner from 3rd tags up, SCORES, throw made
Batting: LHB Daniel Murphy 0-0: Foul Ball, location: 2F
0-1: Foul Ball, location: 2F
0-2: Strikes out swinging
Batting: RHB J.D. Martinez 0-0: Ball
1-0: Ball
2-0: Ball
3-0: Base on Balls
Batting: LHB Corey Seager 0-0: Ball
1-0: Ball
2-0: Foul Ball, location: 2F
2-1: Fly out, F7 (Flyball, 7)
Top of the 7th over - 1 run, 1 hit, 0 errors, 1 left on base; Chicago 7 - Minnesota 3
BOTTOM OF THE 7TH
Minnesota Twins batting - Pitching for Chicago White Sox : LHP Dillon Peters
Pitching: RHP Jacob Rhame
Batting: LHB Freddie Freeman 0-0: Called Strike
0-1: Swinging Strike
0-2: Ball
1-2: Fly out, F7 (Flyball, 7S)
Batting: RHB Avisail Garcia 0-0: Called Strike
0-1: Fly out, F8 (Line Drive, 8LD)
Batting: RHB Maikel Franco 0-0: Called Strike
0-1: Ball
1-1: Ground out 4-3 (Groundball, 4)
Bottom of the 7th over - 0 runs, 0 hits, 0 errors, 0 left on base; Chicago 7 - Minnesota 3
TOP OF THE 8TH
Chicago White Sox batting - Pitching for Minnesota Twins : RHP David Robertson
Pitching: RHP Matt Harvey
Batting: LHB Brandon Belt 0-0: Called Strike
0-1: Ball
1-1: Foul Ball, location: 2F
1-2: Fly out, F7 (Flyball, 7S)
Batting: RHB Jonathan Lucroy 0-0: Ball
1-0: Called Strike
1-1: Ball
2-1: Ball
3-1: Base on Balls
Pitching: RHP Tommy Kahnle
Batting: LHB Andrew Toles 0-0: Called Strike
0-1: Called Strike
0-2: Ball
1-2: Ball
2-2: Foul Ball, location: 2F
2-2: Fly out, F8 (Line Drive, 8RM)
Batting: LHB Michael Brantley 0-0: Swinging Strike
0-1: Ball
1-1: Foul Ball, location: 2F
1-2: Strikes out looking
Top of the 8th over - 0 runs, 0 hits, 0 errors, 1 left on base; Chicago 7 - Minnesota 3
BOTTOM OF THE 8TH
Minnesota Twins batting - Pitching for Chicago White Sox : RHP Jacob Rhame
Batting: SHB Kendrys Morales 0-0: Swinging Strike
0-1: Fly out, F8 (Flyball, 8LXD)
Batting: RHB Adam Jones 0-0: Ball
1-0: Ground out 5-3 (Groundball, 56)
Batting: RHB Roberto Perez 0-0: Foul Ball, location: 2F
0-1: Ball
1-1: Swinging Strike
1-2: Strikes out swinging
Bottom of the 8th over - 0 runs, 0 hits, 0 errors, 0 left on base; Chicago 7 - Minnesota 3
TOP OF THE 9TH
Chicago White Sox batting - Pitching for Minnesota Twins : RHP Tommy Kahnle
Batting: LHB Charlie Blackmon 0-0: Ball
1-0: Foul Ball, location: 2F
1-1: Ball
2-1: Called Strike
2-2: Ball
3-2: Strikes out swinging
Batting: RHB Justin Turner 0-0: Foul Ball, location: 2F
0-1: Foul Ball, location: 2F
0-2: Ball
1-2: Ball
2-2: Strikes out swinging
Batting: LHB Daniel Murphy 0-0: Called Strike
0-1: Ball
1-1: Ball
2-1: Ball
3-1: Base on Balls
Batting: RHB J.D. Martinez 0-0: Called Strike
0-1: Ball
1-1: Ball
2-1: Called Strike
2-2: 2-RUN HOME RUN (Flyball, 9D), Distance : 380 ft
Batting: LHB Corey Seager 0-0: Foul Ball, location: 2F
0-1: Ball
1-1: Foul Ball, location: 2F
1-2: Ball
2-2: Ball
3-2: SINGLE (Groundball, 56D)
Batting: LHB Brandon Belt 0-0: Called Strike
0-1: Ball
1-1: Ball
2-1: Ball
3-1: Fly out, F8 (Flyball, 89D)
Top of the 9th over - 2 runs, 2 hits, 0 errors, 1 left on base; Chicago 9 - Minnesota 3
BOTTOM OF THE 9TH
Minnesota Twins batting - Pitching for Chicago White Sox : RHP Jacob Rhame
Batting: RHB Miguel Rojas 0-0: Fly out, F4 (Line Drive, 4)
Batting: RHB Ian Kinsler 0-0: Foul Ball, location: 2F
0-1: Ball
1-1: Ball
2-1: Foul Ball, location: 2F
2-2: Strikes out looking
Batting: RHB Whit Merrifield 0-0: Foul Ball, location: 2F
0-1: Fly out, F9 (Flyball, 9D)
Bottom of the 9th over - 0 runs, 0 hits, 0 errors, 0 left on base; Chicago 9 - Minnesota 3
Monday, June 4th, 2018 - OOTP Baseball 19.6 Build 53